 Dungeon Crawl Stone Soup version 0.18.1-50-g88ac8fd (webtiles) character file.

338 Holeefuk the Slasher (level 6, -10/47 HPs)
             Began as a Formicid Fighter on Sept 28, 2016.
             Mangled by an ogre
             ... wielding a +0 giant club
              (16 damage)
             ... on level 4 of the Dungeon.
             The game lasted 00:09:23 (2642 turns).

Holeefuk the Slasher (Formicid Fighter)             Turns: 2642, Time: 00:09:24

Health: -10/47     AC:  8    Str: 20    XL:     6   Next: 86%
Magic:  6/6        EV:  9    Int:  8    God:
Gold:   153        SH:  9    Dex: 12    Spells: 0 memorised, 5 levels left

rFire  . . .     SeeInvis +     a - +0 long sword
rCold  . . .     Gourm    .     b - +0 scale mail
rNeg   . . .     Faith    .     c - +0 shield
rPois  .         Spirit   .     (helmet unavailable)
rElec  .         Dismiss  .     g - +0 cloak
rCorr  .         Reflect  .     (no gloves)
SustAt .         Harm     .     (no boots)
MR     .....                    (no amulet)
Stlth  +.........               (no ring)
                                m - ring of stealth

@: not resistant to hostile enchantments, very unstealthy
A: permanent stasis, dig shafts and tunnels, four strong arms, antennae 3
a: Dig, Shaft Self


You were on level 4 of the Dungeon.
You were not hungry.

You visited 1 branch of the dungeon, and saw 4 of its levels.

You collected 153 gold pieces.

Inventory:

Hand Weapons
 a - a +0 long sword (weapon)
Armour
 b - a +0 scale mail (worn)
 c - a +0 shield (worn)
 g - a +0 cloak (worn)
Jewellery
 m - a ring of stealth (left hand)
Scrolls
 e - 4 scrolls of teleportation {unknown}
 h - 3 scrolls of identify {unknown}
 n - 2 scrolls of immolation {unknown}
 q - 3 scrolls of remove curse {unknown}
 s - a scroll of fog {unknown}
 x - a scroll of fear {unknown}
 y - 2 scrolls of amnesia {unknown}
 B - a scroll of random uselessness {unknown}
Potions
 d - a potion of might
 i - a potion of agility
 j - 2 potions of curing {unknown}
 k - a potion of cancellation {unknown}
 l - a potion of degeneration {unknown}
 o - 2 potions of ambrosia {unknown}
 t - a potion of mutation {unknown}
 u - 2 potions of resistance {unknown}
 v - a potion of heal wounds
 w - a potion of brilliance {unknown}
 z - a potion of lignification {unknown}
Comestibles
 f - 3 bread rations
 p - a beef jerky
 r - a meat ration
 A - 2 chunks of flesh


   Skills:
 - Level 3.2 Fighting
 - Level 5.8 Long Blades
 - Level 3.2 Armour
 + Level 2.8 Dodging
 - Level 3.6 Shields


You had 5 spell levels left.
You didn't know any spells.

Dungeon Overview and Level Annotations

Branches:
Dungeon (4/15)
 Temple: D:4-7

Altars:
Xom


Innate Abilities, Weirdness & Mutations

You are under a permanent stasis effect.
You can dig through walls and to a lower floor.
Your four strong arms can wield two-handed weapons with a shield.
You have a pair of large antennae on your head (SInv).


Message History

The ogre hits you with a giant club.
You hit the ogre.
The ogre is moderately wounded.
The ogre hits you with a giant club!
You hit the ogre.
The ogre is moderately wounded.
You block the ogre's attack.
You barely miss the ogre.
The ogre is moderately wounded.
The ogre closely misses you.
You completely miss the ogre.
The ogre is moderately wounded.
The ogre hits you with a giant club!!
Ouch! That really hurt!
* * * LOW HITPOINT WARNING * * *
You are too injured to fight recklessly!
You closely miss the ogre.
The ogre is moderately wounded.
The ogre hits you with a giant club!
You die...

#.#
#.###........
#.# ### #.#
#.####.## #.#
... #.#
#.####.# #.#
#.# #.#
#......# ....
#.# #.#
######## #.#.
#.# #.# ..#
#.# #.# #O#
#.# #@# #.#
#.# #.# #.#
#.# #.####.##
#.......#
#########


You could see an ogre.

Vanquished Creatures
  A jelly (D:3)
  Crazy Yiuf (D:2)
  An iguana (D:4)
  Ijyb (D:1)
  Terence (D:2)
  3 worker ants (D:4)
  3 adders
  2 oozes
  5 worms
  2 dart slugs
  2 giant geckos (D:2)
  4 orcs (D:3)
  2 giant cockroaches (D:2)
  10 goblins
  5 hobgoblins
  8 jackals
  3 kobolds
  3 quokkas
  2 ball pythons (D:2)
  8 bats
  A giant gecko skeleton (D:4)
  A giant newt (D:1)
  8 rats
77 creatures vanquished.

Notes
Turn   | Place    | Note
--------------------------------------------------------------
     0 | D:1      | Holeefuk the Formicid Fighter began the quest for the Orb.
     0 | D:1      | Reached XP level 1. HP: 18/18 MP: 1/1
   156 | D:1      | Reached XP level 2. HP: 24/24 MP: 2/2
   613 | D:2      | Reached skill level 3 in Long Blades
   653 | D:2      | Reached XP level 3. HP: 7/29 MP: 3/3
   715 | D:2      | Noticed Terence
   716 | D:2      | Noticed Ijyb
   743 | D:1      | Killed Ijyb
   743 | D:1      | Reached skill level 4 in Long Blades
   743 | D:1      | Reached XP level 4. HP: 13/35 MP: 4/4
   750 | D:2      | HP: 1/35 [Terence/mace (6)]
   757 | D:2      | Killed Terence
  1000 | D:2      | Noticed Crazy Yiuf
  1006 | D:2      | Killed Crazy Yiuf
  1006 | D:2      | Reached skill level 5 in Long Blades
  1006 | D:2      | Reached XP level 5. HP: 41/41 MP: 5/5
  1544 | D:3      | Reached XP level 6. HP: 36/47 MP: 6/6
  1846 | D:3      | Found a shimmering altar of Xom.
  2037 | D:3      | Reached skill level 1 in Dodging
  2633 | D:4      | Noticed an ogre
  2642 | D:4      | Mangled by an ogre

Skill      XL: |  1  2  3  4  5  6 |
---------------+-------------------+-----
Long Blades    | 3 4 5 |  5.8
Dodging        | 2 |  2.8
Fighting       | |  3.2
Armour         | |  3.2
Shields        | |  3.6

Action                   |  1- 3 |  4- 6 || total
-------------------------+-------+-------++-------
Melee: Long sword        |    65 |   200 ||   265
 Abil: Dig               |     1 |       ||     1
  Use: Potion            |       |     2 ||     2
  Eat: Chunk             |       |     6 ||     6
Armor: Scale mail        |    16 |    65 ||    81
Dodge: Dodged            |    18 |    65 ||    83
Block: Shield            |    28 |    97 ||   125
